 Dungeon Crawl Stone Soup version 0.23-a0-655-g3751e1c (console) character file.

14 Duffy the Firebug (level 2, 19/19 HPs)
             Began as a Demonspawn Fire Elementalist on Jan 7, 2019.
             Quit the game on level 2 of the Dungeon.
             The game lasted 00:00:26 (451 turns).

Duffy the Firebug (Demonspawn Fire Elementalist)     Turns: 451, Time: 00:00:27

Health: 19/19      AC:  2    Str:  8    XL:     2   Next: 27%
Magic:  5/5        EV: 12    Int: 16    God:
Gold:   25         SH:  0    Dex: 13    Spells: 4/5 levels left

rFire    . . .     SeeInvis .   (no weapon)
rCold    . . .     Gourm    .   (no shield)
rNeg     . . .     Faith    .   a - +0 robe
rPois    .         Spirit   .   (no helmet)
rElec    .         Reflect  .   (no cloak)
rCorr    .         Harm     .   (no gloves)
MR       .....                  (no boots)
Stlth    ++........             (no amulet)
HPRegen  0.06/turn              (no ring)
MPRegen  0.09/turn              (no ring)

@: no status effects
A: claws 1
a: no special abilities


You were on level 2 of the Dungeon.
You were not hungry.

You visited 1 branch of the dungeon, and saw 2 of its levels.

You collected 25 gold pieces.

Inventory:

Armour
 a - a +0 robe (worn)
Scrolls
 d - a scroll of identify {unknown}
 g - a scroll of noise {unknown}
Potions
 e - a potion of heal wounds {unknown}
 f - a potion of brilliance {unknown}
 h - a potion of curing {unknown}
Comestibles
 b - 4 chunks of flesh
 c - a ration


   Skills:
 - Level 1.7 Dodging
 - Level 1.7 Stealth
 + Level 2.2 Spellcasting
 + Level 1.5 Conjurations
 + Level 2.9 Fire Magic


You had 4 spell levels left.
You knew the following spells:

 Your Spells              Type           Power        Failure   Level  Hunger
h - Flame Tongue          Conj/Fire      #....        8%          1    #......

Your spell library contained the following spells:

 Spells                   Type           Power        Failure   Level  Hunger
 Throw Flame              Conj/Fire      #.....       12%         2    ###....
 Conjure Flame            Conj/Fire      #.......     24%         3    ###....
 Inner Flame              Hex/Fire       #.......     32%         3    ###....
 Sticky Flame             Conj/Fire      #.......     61%         4    #####..
 Fireball                 Conj/Fire      #.........   91%         5    ######.


Dungeon Overview and Level Annotations

Branches:
Dungeon (1/15)

Altars:
Ru


Innate Abilities, Weirdness & Mutations

You have sharp fingernails.


Message History

Some of the chunks of flesh in your inventory have rotted away.
You butcher the goblin corpse.
b - 4 chunks of flesh (gained 3)
Things that are here:
a +0 hunting sling; 22 stones; a goblin skeleton
Things that are here:
a +0 hunting sling; 22 stones; a goblin skeleton
e - a metallic amethyst potion
Found a hunting sling.
You now have 25 gold pieces (gained 11).
f - a green potion
g - a scroll labeled NUPPEKOLEU
h - a lumpy sapphire potion You open the door.
There is an open door here.
Found a sacrificial altar of Ru.
Found a ring mail.
Are you sure you want to abandon this character and quit the game? (Confirm
Okay, then.
Are you sure you want to abandon this character and quit the game? (Confirm

............#...#.
....######.#.....#.......
.)..#####..#.~~~.#.......
..#........#~...~#.......
..########.#~._.~#.......
..'........#~...~#[......
..########.#.~~~.#.......
..# #.#.....#....... ..#
##.#...#@# ..# ##.#.#.##
..# #..#.## ### #.#.##
#.### #.# #.# #.. ###


There were no monsters in sight!

Vanquished Creatures
  A dart slug (D:2)
  2 bats
  2 goblins
  2 hobgoblins (D:1)
  A kobold (D:2)
  2 frilled lizards (D:1)
  A rat (D:1)
11 creatures vanquished.

Notes
Turn   | Place    | Note
-------+----------+-------------------------------------------
     0 | D:1      | Duffy the Demonspawn Fire Elementalist began the quest for
                  | the Orb.
     0 | D:1      | Reached XP level 1. HP: 13/13 MP: 3/3
   206 | D:1      | You fall through a shaft!
   214 | D:2      | Gained mutation: You have sharp fingernails. [demonic
                  | ancestry]
   214 | D:2      | Reached XP level 2. HP: 18/19 MP: 1/5
   442 | D:2      | Found a sacrificial altar of Ru.
   451 | D:2      | Quit the game

Vault maps used:
D:1:      dpeg_arrival_chase
D:2:      first_ration, nicolae_ru_awakened_eye, uniq_natasha

Action                   || total
-------------------------++-------
Melee: Unarmed           ||     3
 Cast: Flame Tongue      ||    15
Armor: Robe              ||     2
Dodge: Dodged            ||     5

Table legend:
 A = Non-vault XP
 B = Vault XP
 C = Vault XP percentage of total XP
 D = Non-vault monster count
 E = Vault monster count
 F = Vault count percentage of total count
                 A         B        C        D         E       F
            +---------+---------+-------+---------+---------+-------
      Total |      20 |       0 |   0.0 |      11 |       0 |   0.0
            +---------+---------+-------+---------+---------+-------
        D:1 |      11 |       0 |   0.0 |       7 |       0 |   0.0
        D:2 |       9 |       0 |   0.0 |       4 |       0 |   0.0
            +---------+---------+-------+---------+---------+-------
